 Dungeon Crawl Stone Soup version 0.31-a0-640-g39d97e502b (webtiles) character file.

Game seed: 11597164164312919948

46 subawu the Gusty (level 3, -1/26 HPs)
             Began as a Draconian Air Elementalist on Aug 28, 2023.
             Slain by an adder (4 damage)
             ... on level 2 of the Dungeon.
             The game lasted 00:07:07 (1523 turns).

subawu the Gusty (Draconian Air Elementalist)       Turns: 1523, Time: 00:07:07

Health: -1/26      AC:  5    Str: 12    XL:     3   Next: 44%
Magic:  1/6        EV: 12    Int: 15    God:
Gold:   93         SH:  0    Dex: 11    Spells: 3/6 levels left

rFire   . . .        c - +0 quarterstaff
rCold   . . .        (shield currently unavailable)
rNeg    . . .        (body armour unavailable)
rPois   .            (helmet restricted)
rElec   .            (no cloak)
rCorr   .            (no gloves)
SInv    .            (no boots)
Will    +....        (no amulet)
Stlth   ++           e - ring of willpower
HPRegen 0.24/turn    (no ring)
MPRegen 0.10/turn

%: no passive effects
@: lethally poisoned (-1 -> -6)
A: AC +5, unfitting armour, cold-blooded
a: no special abilities


You were on level 2 of the Dungeon.
You visited 1 branch of the dungeon, and saw 2 of its levels.

You collected 93 gold pieces.

Inventory:

Hand Weapons
 c - a +0 quarterstaff (weapon)
Missiles
 b - 21 stones
Magical Staves
 g - a staff of conjuration
Jewellery
 e - a ring of willpower (left hand)
Wands
 d - a wand of paralysis (9)
Scrolls
 h - a scroll of enchant armour
 l - a scroll of teleportation
Potions
 a - a potion of magic
 f - a potion of degeneration {unknown}
 i - a potion of curing
 j - a potion of attraction {unknown}
 k - a potion of enlightenment


   Skills:
 + Level 2.2 Dodging
 + Level 2.3 Stealth
 + Level 2.3 Spellcasting
 + Level 1.6 Conjurations
 + Level 3.3 Air Magic


You had 3 spell levels left.
You knew the following spells:

 Your Spells              Type           Power      Damage    Failure   Level
a - Shock                 Conj/Air       36%        1d5       8%          1
b - Static Discharge      Conj/Air       18%        2-3/arc   12%         2

Your spell library contained the following spells:

 Spells                   Type           Power      Damage    Failure   Level
 Swiftness                Air            11%        N/A       16%         3
 Frozen Ramparts          Ice            2%         1d1       54%         3
 Airstrike                Air            5%         2d(1-17)  47%         4
 Petrify                  Tmut/Erth      1%         N/A       91%         4
 Metabolic Englaciation   Hex/Ice        0%         N/A       99%         5


Dungeon Overview and Level Annotations

Branches:
Dungeon (2/15)

Altars:


Innate Abilities, Weirdness & Mutations

Your plain brown scales are hard. (AC +5)
You cannot fit into any form of body armour.
You are cold-blooded and may be slowed by cold attacks.


Message History

Press: ? - help, Shift-Dir - straight line, f - adder
Aim: an adder (wandering, hasn't noticed you, 48% to hit)
The zap misses the adder.
The adder hisses angrily.
Casting: Shock (safe; 8% risk of failure)
Confirm with . or Enter, or press ? or * to list all spells.
Aiming: Shock (safe; 8% risk of failure)
Press: ? - help, Shift-Dir - straight line, f/p - adder
Aim: an adder (48% to hit)
The zap misses the adder.
Casting: Shock (safe; 8% risk of failure)
Confirm with . or Enter, or press ? or * to list all spells.
You don't have enough magic to cast this spell.
Found 23 gold pieces.
The adder bites you but does no damage.
You hit the adder but do no damage. The adder barely misses you.
The adder bites you but does no damage.
You miss the adder. The adder bites you.
You are poisoned.
The adder poisons you! The adder closely misses you.
You barely miss the adder.
You feel sick. The adder bites you but does no damage.
You barely miss the adder.
Your tail-slap misses the adder.
You feel sick. The adder barely misses you. The adder bites you.
You are more poisoned.
The adder poisons you!
You barely miss the adder.
Your tail-slap misses the adder.
You feel sick. The adder closely misses you. The adder bites you.
You barely miss the adder.
You feel sick. The adder bites you.
You miss the adder.
You feel sick. The adder barely misses you. The adder closely misses you.
You barely miss the adder.
You feel sick. The adder bites you.
* * * LOW HITPOINT WARNING * * *
You are lethally poisoned!
The adder poisons you! The adder closely misses you.
You hit the adder.
The adder is heavily wounded.
* * * LOW HITPOINT WARNING * * *
You feel very sick. The adder bites you.
You die...

###### #..##.#
..... #.....#
..... ##.####
...... #.#
...... #.#
......####)#####
#..#....).....#
#............#
###..@.......#
.......S...>...#
.......#########
$...... .......
....... .......
.....$.


You could see an adder.

Vanquished Creatures
  An adder (D:2)
  2 worms (D:2)
  An endoplasm (D:1)
  A giant cockroach (D:1)
  A goblin (D:1)
  7 hobgoblins
  3 kobolds
  3 quokkas
  3 ball pythons
  4 bats (D:1)
  A frilled lizard (D:2)
  2 rats
29 creatures vanquished.

Notes
Turn   | Place    | Note
-------+----------+-------------------------------------------
     0 | D:1      | subawu the Draconian Air Elementalist began the quest for
                  | the Orb.
     0 | D:1      | Reached XP level 1. HP: 14/14 MP: 3/3
   395 | D:1      | Reached XP level 2. HP: 20/20 MP: 0/5
   934 | D:1      | Learned a level 2 spell: Static Discharge
  1102 | D:2      | Reached XP level 3. HP: 13/26 MP: 0/6
  1523 | D:2      | Slain by an adder

Illustrated notes

Levels and vault maps discovered:
D:1:      elethiomel_arrival_quiet, layout_basic
D:2:      layout_basic

Skill      XL: |  1  2 |
---------------+-------+-----
Stealth        | 2 |  2.3
Dodging        | 2 |  2.2
Spellcasting   | |  2.3
Conjurations   | |  1.6
Air Magic      | |  3.3

Action                     || total
---------------------------++-------
  Melee: Quarterstaff      ||    70
         Tailslap          ||    12
         Unarmed           ||     1
   Cast: Shock             ||    34
         Static Discharge  ||     4
    Use: Scroll            ||     3
         Potion            ||     2
   Stab: Sleeping          ||     1
 Armour: Skin              ||    41
  Dodge: Dodged            ||    75

Table legend: (Time is in decaauts)
 A = Elapsed time spent in this place.
 B = Non-inter-level travel time spent in this place.
 C = Inter-level travel time spent in this place.
 D = Time resting spent in this place.
 E = Time spent auto-exploring this place.
 F = Levels seen in this place.
 G = Mean time per level.
                   A        B        C        D        E       F      G
               +--------+--------+--------+--------+--------+-----+--------+
         Total |   1542 |   1523 |     19 |    476 |    532 |   2 |  771.0 |
       Dungeon |   1542 |   1523 |     19 |    476 |    532 |   2 |  771.0 |
               +--------+--------+--------+--------+--------+-----+--------+

Top non-repeatable levels by time:
     D:1: 1027 daAuts
     D:2: 515 daAuts
